 Dungeon Crawl Stone Soup version 0.26-a0-712-ga5a9c9c9d0 (webtiles) character file.

Game seed: 10414251071248196205

895 kae the Changer (level 8, -1/64 HPs)
             Began as a Naga Transmuter on Nov 4, 2020.
             Slain by an iguana (12 damage)
             ... on level 6 of the Dungeon.
             The game lasted 00:04:39 (6511 turns).

kae the Changer (Naga Transmuter)                   Turns: 6511, Time: 00:04:40

Health: -1/64      AC:  4    Str: 11    XL:     8   Next: 6%
Magic:  12/12      EV: 10    Int: 20    God:
Gold:   164        SH:  0    Dex: 11    Spells: 9/13 levels left

rFire    . . .     SeeInvis +     - Unarmed
rCold    . . .     Faith    .   (no shield)
rNeg     . . .     Spirit   .   a - +1 robe
rPois    +         Reflect  .   (no helmet)
rElec    .         Harm     .   (no cloak)
rCorr    .         Rampage  .   (no gloves)
MR       +....                  (no barding)
Stlth    +.........             (no amulet)
HPRegen  0.20/turn              k - +6 ring of intelligence
MPRegen  0.13/turn              b - -4 ring of strength (curse)

@: studying Spellcasting, very slow
A: large, see invisible, deformed body, poison resistance, slowness 2, spit
poison 1, AC +2
a: Spit Poison


You were on level 6 of the Dungeon.
You visited 1 branch of the dungeon, and saw 6 of its levels.

You collected 230 gold pieces.
You spent 66 gold pieces at shops.

Inventory:

Armour
 a - a +1 robe (worn)
Jewellery
 b - a cursed -4 ring of strength (right hand)
 k - a +6 ring of intelligence (left hand)
 n - an uncursed amulet of the acrobat
 s - a cursed amulet of inaccuracy
Wands
 f - a wand of flame (15)
 v - a wand of paralysis (9)
Scrolls
 g - a scroll of amnesia
 h - 2 scrolls of teleportation
 o - 3 scrolls of blinking
 p - 2 scrolls of random uselessness
 q - a scroll of identify
 r - a scroll of remove curse
Potions
 c - 2 potions of stabbing
 d - 3 potions of degeneration
 e - a potion of curing
 i - 2 potions of lignification
 j - a potion of berserk rage
 l - 4 potions of might
 m - a potion of flight
Books
 t - a manual of Spellcasting


   Skills:
 - Level 1.0 Fighting
 - Level 1.5 Dodging
 + Level 5.6 Unarmed Combat
 - Level 3.0 Spellcasting
 * Level 7.1 Transmutations
 - Level 3.0 Poison Magic


You had 9 spell levels left.
You knew the following spells:

 Your Spells              Type           Power        Failure   Level
a - Beastly Appendage     Tmut           ####..       1%          1
b - Spider Form           Tmut/Pois      ###.......   5%          3

Your spell library contained the following spells:

 Spells                   Type           Power        Failure   Level
 Wereblood                Tmut           ####....     1%          2
 Blade Hands              Tmut           ####......   22%         5
 Ice Form                 Ice/Tmut       ###.....     32%         4


Dungeon Overview and Level Annotations

Branches:
Dungeon (6/15)
 Temple: D:4-7

Altars:
Gozag
Okawaru
Trog

Shops:
D:4 !?[

Annotations:
D:4 3 runed translucent doors, grimjagger06's ghost, weakling MfIE


Innate Abilities, Weirdness & Mutations

You cannot wear boots.
Your serpentine skin is tough. (AC +2)
You have supernaturally acute eyesight. (SInv)
Armour fits poorly on your strangely shaped body.
Your system is resistant to poisons. (rPois)
You cover ground very slowly.
You can spit poison.


Message History

The gnoll throws a stone.
The stone hits you but does no damage.
The gnoll throws a stone.
The stone hits you but does no damage.
You hit the iguana.
The iguana is lightly wounded.
The iguana bites you but does no damage.
The gnoll hits you but does no damage.
You hit the iguana but do no damage.
The iguana is lightly wounded.
You feel less wooden.
Your +1 robe unmelds from your body.
The iguana bites you!
* * * LOW HITPOINT WARNING * * *
Okay, then.
You feel better. The gnoll hits you with a +0 whip.
* * * LOW HITPOINT WARNING * * *
The iguana bites you.
* * * LOW HITPOINT WARNING * * *
You feel better. The gnoll hits you with a +0 whip.
* * * LOW HITPOINT WARNING * * *
The iguana bites you!
You die...

.............
#...........#
#..........# ##
.###....[....##.$.
...$..............
#................
#................
#...†).......
#.<.@......##
#..†lg.......
#....)........
##.....##.....
#............
.............
#.............
##...##....


You could see an iguana and a gnoll.

Vanquished Creatures
  A centaur (D:5)
  An ogre (D:4)
  Blork the orc (D:6)
  4 killer bees (D:4)
  A howler monkey (D:6)
  An orc priest (D:4)
  A gnoll shaman (D:6)
  2 hounds
  2 centaur skeletons
  3 worker ants
  A killer bee zombie (D:6)
  8 gnolls
  4 adders
  An adder skeleton (D:5)
  2 worms
  5 dart slugs
  A leopard gecko (D:6)
  7 orcs
  7 giant cockroaches
  7 hobgoblins
  4 jackals (D:2)
  A quokka (D:4)
  A ball python (D:1)
  2 bats
  2 frilled lizards
  4 goblins
  A jackal zombie (D:5)
  8 kobolds
  A leopard gecko skeleton (D:4)
  A leopard gecko zombie (D:5)
  3 rats
88 creatures vanquished.

Notes
Turn   | Place    | Note
-------+----------+-------------------------------------------
     0 | D:1      | kae the Naga Transmuter began the quest for the Orb.
     0 | D:1      | Reached XP level 1. HP: 18/18 MP: 3/3
   461 | D:1      | Reached XP level 2. HP: 16/25 MP: 3/5
  1107 | D:2      | You fall into a shaft and drop 1 floor!
  1201 | D:2      | Reached skill level 3 in Transmutations
  1201 | D:2      | Reached XP level 3. HP: 8/31 MP: 4/6
  1428 | D:2      | Learned a level 3 spell: Spider Form
  1571 | D:3      | Reached skill level 1 in Poison Magic
  1765 | D:3      | Reached XP level 4. HP: 28/38 MP: 7/7
  2189 | D:2      | Found an iron altar of Okawaru.
  2888 | D:2      | Reached XP level 5. HP: 31/44 MP: 6/8
  3323 | D:3      | Reached skill level 4 in Transmutations
  3579 | D:4      | Found an opulent altar of Gozag.
  4038 | D:4      | Reached XP level 6. HP: 34/51 MP: 6/9
  4313 | D:4      | Found Owahogab's Armour Shop.
  4336 | D:4      | Found Ynyux's Antique Armour Emporium.
  4412 | D:4      | Reached skill level 5 in Transmutations
  4768 | D:4      | Found Wanokiom's Magic Scroll Emporium.
  4807 | D:4      | Found a runed translucent gate.
  4807 | D:4      | Found a runed translucent gate.
  4807 | D:4      | Found a runed translucent gate.
  4808 | D:4      | Found an opulent altar of Gozag.
  4809 | D:4      | Noticed grimjagger06's ghost (weakling MfIE)
  4820 | D:4      | Bought a scroll of identify for 22 gold pieces
  4820 | D:4      | Bought a scroll of identify for 22 gold pieces
  4820 | D:4      | Bought a scroll of identify for 22 gold pieces
  4932 | D:4      | Found Ejocaele's Distillery.
  5273 | D:4      | Reached XP level 7. HP: 57/57 MP: 5/10
  5367 | D:5      | Entered Level 5 of the Dungeon
  5403 | D:5      | Reached skill level 5 in Unarmed Combat
  5403 | D:5      | Reached skill level 6 in Transmutations
  5441 | D:5      | Found a bloodstained altar of Trog.
  6456 | D:6      | Noticed Blork the orc
  6471 | D:6      | Killed Blork the orc
  6473 | D:6      | Reached XP level 8. HP: 23/64 MP: 7/12
  6498 | D:6      | Reached skill level 7 in Transmutations
  6511 | D:6      | Slain by an iguana

Illustrated notes

Levels and vault maps discovered:
D:1:      ebering_trefoil_twist, layout_loops_ring
D:2:      layout_loops_ring, okawaru_ov_weapons_minmay
D:3:      layout_rooms
D:4:      layout_basic, ebering_ghost_gozag, serial_shops, shop_scrolls, shop,
          nicolae_shop_behind_doors, kennysheep_mini, grunt_gozag_breadcrumbs
D:5:      layout_loops_cross, basic_altar, minmay_manual_mandibuliform
D:6:      layout_cave_pools, uniq_blork_the_orc

Skill      XL: |  1  2  3  4  5  6  7  8 |
---------------+-------------------------+-----
Transmutations | 3 4 5 6 7 |  7.1
Poison Magic   | 1 2 3 |  3.0
Unarmed Combat | 4 5 |  5.6
Spellcasting   | 3 |  3.0
Fighting       | |  1.0
Dodging        | |  1.5

Action                   |  1- 3 |  4- 6 |  7- 9 || total
-------------------------+-------+-------+-------++-------
Melee: Unarmed           |    51 |   112 |    72 ||   235
       Headbutt          |     8 |     8 |       ||    16
       Punch             |       |     2 |       ||     2
 Cast: Beastly Appendage |    13 |    20 |       ||    33
       Spider Form       |     1 |    11 |     9 ||    21
 Abil: Spit Poison       |    12 |    26 |     1 ||    39
Evoke: Wand              |       |       |     3 ||     3
  Use: Scroll            |     4 |    11 |     2 ||    17
       Potion            |       |       |     3 ||     3
 Stab: Sleeping          |       |       |     1 ||     1
Armor: Robe              |     8 |    19 |     4 ||    31
       Skin              |       |     3 |    24 ||    27
Dodge: Dodged            |    25 |   115 |    46 ||   186

Table legend: (Time is in decaauts)
 A = Elapsed time spent in this place.
 B = Non-inter-level travel time spent in this place.
 C = Inter-level travel time spent in this place.
 D = Time resting spent in this place.
 E = Time spent auto-exploring this place.
 F = Levels seen in this place.
 G = Mean time per level.
                   A        B        C        D        E       F      G
               +--------+--------+--------+--------+--------+-----+--------+
         Total |   7574 |   7357 |    217 |    402 |   6233 |   6 | 1262.3 |
       Dungeon |   7574 |   7357 |    217 |    402 |   6233 |   6 | 1262.3 |
               +--------+--------+--------+--------+--------+-----+--------+

Top non-repeatable levels by time:
     D:4: 2093 daAuts
     D:2: 1684 daAuts
     D:1: 1319 daAuts
     D:5: 1269 daAuts
     D:3: 1139 daAuts
     D:6: 67 daAuts
